 Dungeon Sprint DCSS version 0.29-a0-1008-g949cc1d0fb (webtiles) character file.

Game seed: 16699092270784335038

6341 mhtbhm the Imperceptible (level 10, 0/53 HPs)
             Began as a Spriggan Brigand on Aug 7, 2022.
             Was an Elder of Dithmenos.
             Killed by divine providence
             ... invoked by a smoke demon
             ... summoned by an orc high priest
              (9 damage)
             ... in the Dungeon (Sprint III: "The Ten Rune Challenge").
             The game lasted 00:03:43 (1070 turns).

mhtbhm the Imperceptible (Spriggan Brigand)         Turns: 1070, Time: 00:03:44

Health: 0/53       AC:  7    Str:  7    XL:     10   Next: 64%
Magic:  13/18      EV: 22    Int: 13    God:    Dithmenos [****..]
Gold:   35         SH:  0    Dex: 21    Spells: 9/9 levels left

rFire   . . .      SeeInvis +   a - +2 dagger
rCold   . . .      Faith    .   (no shield)
rNeg    . . .      Spirit   .   b - +2 troll leather armour {Snorg}
rPois   .          Reflect  .   (helmet restricted)
rElec   +          Harm     .   c - +0 cloak
rCorr   .          Rampage  .   (gloves unavailable)
Will    +....      NoTele   +   (boots unavailable) Stlth ****++++++
                                (no amulet)
HPRegen 0.97/turn               (no ring)
MPRegen 0.16/turn               (no ring)

@: wreathed by umbra, very quick
A: very small, no large weapons, unfitting armour, see invisible, speed 3, claws
1, electricity resistance
a: Renounce Religion, Shadow Step


You were in the Dungeon.
You worshipped Dithmenos.
Dithmenos was greatly pleased with you.
You visited 1 branch You collected 35 gold pieces.

Inventory:

Hand Weapons
 a - a +2 dagger (weapon)
Missiles
 d - 9 poisoned darts
 q - 2 curare-tipped darts (quivered)
Armour
 b - a +2 troll leather armour (worn) {Snorg}
 c - a +0 cloak (worn)
Scrolls
 k - 2 scrolls of blinking
 l - 2 scrolls of poison {unknown}
 n - 2 scrolls of identify
Potions
 f - 3 potions of curing
 h - a potion of berserk rage
 i - 2 potions of magic
 m - a potion of lignification {unknown}
 o - a potion of resistance {unknown}
 p - 2 potions of flight
Miscellaneous
 j - a piece from Xom's chessboard (14/15)


   Skills:
 + Level 6.2 Fighting
 + Level 9.8 Short Blades
 + Level 10.2 Throwing
 + Level 1.7 Armour
 + Level 8.3 Dodging
 + Level 25.2 Stealth
 * Level 10.5 Invocations
 + Level 2.7 Evocations


You had 9 spell levels left.
You didn't know any spells.
Your spell library contained the following spells:

 Spells                   Type           Power      Damage    Failure   Level
 Gell's Gravitas          Tloc           0%         N/A       80%         3
 Lesser Beckoning         Tloc           0%         N/A       80%         3
 Teleport Other           Tloc           0%         N/A       80%         3


Dungeon Overview and Level Annotations

Branches:
Dungeon (1/1)

Altars:
Cheibriados
Dithmenos
Elyvilon
Fedhas
Gozag
Hepliaklqana
Kikubaaqudgha
Makhleb
Nemelex Xobeh
Okawaru
Qazlal
Ru
Sif Muna
Trog
Uskayaw
Vehumet
Wu Jian
Xom
Yredelemnul
Zin
The Shining One
Jiyva
Lugonu


Innate Abilities, Weirdness & Mutations

You are very small and have problems with some larger weapons.
You are too small for most types of armour.
You have supernaturally acute eyesight. (SInv)
You cover ground extremely quickly. (Speed+++)
You have sharp fingernails.
You are resistant to electric shocks. (rElec)


Message History

The smoke demon hits you.
* * * LOW HITPOINT WARNING * * *
Unknown command.
Unknown command.
You feel much better.
The plant is engulfed in a cloud of scalding steam.
The plant begins to die.
The orc high priest misses you. The smoke demon gestures at you.
The ball of steam hits you!!
Ouch! That really hurt!
* * * LOW HITPOINT WARNING * * *
You emit a cloud of dark smoke.
Unknown command.
Okay, then.
Throw: 4 darts (curare)
Press: ? - help, Q - select action, (/) - cycle Shift-Dir - straight line, f/p - orc high priest
Aim: an orc high priest, wielding a +0 scimitar and wearing a +0 leather armour (black smoke, severely wounded, blind, poisoned, slow, umbra, 64% to hit)
You throw a curare-tipped dart.
The curare-tipped dart hits the orc high priest.
The orc high priest looks even sicker.
The orc high priest convulses.
The orc high priest seems to be slow for longer.
The orc high priest is almost dead.
The plant is engulfed in a cloud of scalding steam.
The plant begins to die.
Unknown command.
Unknown command.
Throw: 3 darts (curare)
Press: ? - help, Q - select action, (/) - cycle Shift-Dir - straight line, f/p - orc high priest
Aim: an orc high priest, wielding a +0 scimitar and wearing a +0 leather armour (black smoke, almost dead, wandering, blind, very poisoned, slow, hasn't noticed you, umbra, 64% to hit)
You throw a curare-tipped dart.
The curare-tipped dart hits the orc high priest.
The orc high priest looks as sick as possible!
The orc high priest convulses.
The orc high priest seems to be slow for longer.
The orc high priest is almost dead.
The plant is engulfed in a cloud of scalding steam.
The plant begins to die.
The smoke demon gestures at you. Beogh smites you!
You die...

♣♣♣##'########
#...'.≈§≈≈#
#...#.≈≈≈≈#
#).)#.#≈≈≈#
#####.# ≈≈§#
#.PPP.# ≈≈§
#(§PPP# §§§
#.§oPP# ≈§
#.o3@§# §
#+#####


You could see 2 orc high priests and a smoke demon (summoned).

Vanquished Creatures
  Sigmund (D)
  Snorg (D)
  A centaur warrior (D)
  A deep elf pyromancer (D)
  Edmund (D)
  2 unseen horrors (D)
  3 wandering mushrooms (D)
  An orc high priest (D)
  A shadow (D)
  A spatial vortex (D)
  2 centaurs (D)
  An earth elemental (D)
  A scorpion (D)
  A necrophage (D)
  A water elemental (D)
  A jelly (D)
  An orc priest (D)
  A wizard (D)
  Jessica (D)
  A necromancer (D)
  3 humans (D)
  A kobold demonologist (D)
  2 rats (D)
30 creatures vanquished.

Notes
Turn   | Place    | Note
-------+----------+-------------------------------------------
     0 | D        | mhtbhm the Spriggan Brigand began the quest for the Orb.
     0 | D        | Reached XP level 1. HP: 10/10 MP: 2/2
     5 | D        | Reached skill level 6 in Stealth
    13 | D        | Noticed Jessica
    20 | D        | Killed Jessica
    21 | D        | Reached skill level 9 in Stealth
    21 | D        | Reached XP level 2. HP: 7/15 MP: 3/3
   236 | D        | Reached skill level 10 in Stealth
   236 | D        | Reached XP level 3. HP: 19/19 MP: 4/4
   268 | D        | Noticed a scorpion
   275 | D        | Killed a scorpion
   276 | D        | Reached skill level 12 in Stealth
   276 | D        | Reached XP level 4. HP: 23/23 MP: 5/5
   290 | D        | Gained mutation: You have hidden genetic potential. [potion
                  | of mutation]
   290 | D        | Gained mutation: Armour fits poorly on your strangely
                  | shaped body. [potion of mutation]
   293 | D        | Lost mutation: Armour fits poorly on your strangely shaped
                  | body. [potion of mutation]
   293 | D        | Lost mutation: You have hidden genetic potential. [potion
                  | of mutation]
   293 | D        | Gained mutation: You have hidden genetic defects. [potion
                  | of mutation]
   293 | D        | Gained mutation: You are dopey. (Int -2) [potion of
                  | mutation]
   294 | D        | Lost mutation: You have hidden genetic defects. [potion of
                  | mutation]
   294 | D        | Lost mutation: You are dopey. (Int -2) [potion of mutation]
   294 | D        | Gained mutation: You are resistant to electric shocks.
                  | (rElec) [potion of mutation]
   294 | D        | Gained mutation: You have sharp fingernails. [potion of
                  | mutation]
   309 | D        | Noticed a water elemental
   312 | D        | Killed a water elemental
   313 | D        | Reached skill level 14 in Stealth
   313 | D        | Reached XP level 5. HP: 28/28 MP: 6/6
   323 | D        | Found a shadowy altar of Dithmenos.
   329 | D        | Found a basalt altar of Yredelemnul.
   329 | D        | Found a sacrificial altar of Ru.
   346 | D        | Reached skill level 15 in Stealth
   351 | D        | Became a worshipper of Dithmenos the Shadowed
   468 | D        | Found a radiant altar of Vehumet.
   475 | D        | Reached skill level 5 in Short Blades
   475 | D        | Reached skill level 5 in Throwing
   475 | D        | Reached skill level 16 in Stealth
   475 | D        | Reached skill level 1 in Invocations
   475 | D        | Reached XP level 6. HP: 20/32 MP: 6/8
   475 | D        | Found a shimmering blue altar of Sif Muna.
   475 | D        | Found an ancient bone altar of Kikubaaqudgha.
   592 | D        | Found a glowing silver altar of Zin.
   593 | D        | Found a glowing golden altar of the Shining One.
   593 | D        | Found a white marble altar of Elyvilon.
   593 | D        | Noticed a deep elf pyromancer
   595 | D        | Killed a deep elf pyromancer
   595 | D        | Reached * piety under Dithmenos
   596 | D        | Reached skill level 18 in Stealth
   596 | D        | Reached skill level 1 in Evocations
   596 | D        | Reached XP level 7. HP: 38/38 MP: 8/11
   626 | D        | Found a hide-covered altar of Uskayaw.
   626 | D        | Found an iron altar of Okawaru.
   627 | D        | Found a bloodstained altar of Trog.
   627 | D        | Found an ornate altar of the Wu Jian Council.
   627 | D        | Noticed a human
   627 | D        | Noticed a human
   629 | D        | Killed a human
   630 | D        | Reached skill level 19 in Stealth
   630 | D        | Reached skill level 5 in Invocations
   667 | D        | Killed a human
   668 | D        | Reached skill level 5 in Dodging
   668 | D        | Reached XP level 8. HP: 32/42 MP: 11/13
   809 | D        | Reached ** piety under Dithmenos
   815 | D        | Found a blossoming altar of Fedhas.
   815 | D        | Found a stormy altar of Qazlal.
   816 | D        | Found a snail-covered altar of Cheibriados.
   816 | D        | Found a burning altar of Makhleb.
   816 | D        | Found a hazy altar of Hepliaklqana.
   816 | D        | Found a shimmering altar of Xom.
   816 | D        | Found an opulent altar of Gozag.
   816 | D        | Found a sparkling altar of Nemelex Xobeh.
   816 | D        | Found a corrupted altar of Lugonu.
   816 | D        | Found a viscous altar of Jiyva.
   819 | D        | Reached skill level 20 in Stealth
   837 | D        | Noticed Snorg
   840 | D        | Killed Snorg
   841 | D        | Reached skill level 5 in Fighting
   841 | D        | Reached skill level 21 in Stealth
   863 | D        | Reached *** piety under Dithmenos
   864 | D        | Reached XP level 9. HP: 47/47 MP: 15/15
   869 | D        | Noticed a centaur warrior
   873 | D        | Killed a centaur warrior
   874 | D        | Reached skill level 22 in Stealth
   886 | D        | Noticed an unseen horror
   887 | D        | Killed an unseen horror
   887 | D        | Reached **** piety under Dithmenos
   888 | D        | Noticed an unseen horror
   891 | D        | Killed an unseen horror
   892 | D        | Reached skill level 23 in Stealth
   899 | D        | Noticed a wandering mushroom
   903 | D        | Noticed a wandering mushroom
   905 | D        | Noticed a wandering mushroom
   906 | D        | Killed a wandering mushroom
  1019 | D        | Noticed Sigmund
  1019 | D        | Noticed Edmund
  1021 | D        | Killed Edmund
  1022 | D        | Reached XP level 10. HP: 51/53 MP: 12/17
  1022 | D        | Killed Sigmund
  1023 | D        | Reached skill level 10 in Throwing
  1023 | D        | Reached skill level 1 in Armour
  1023 | D        | Reached skill level 25 in Stealth
  1023 | D        | Reached skill level 10 in Invocations
  1061 | D        | Noticed a smoke demon
  1070 | D        | Killed from afar by a smoke demon

Illustrated notes

Levels and vault maps discovered:
D:        dungeon_sprint_mu [sprint_mu_entry_forest, sprint_mu_temple_rooms,
          sprint_mu_d1_horrors, sprint_mu_d2_genie, sprint_mu_d3_branching,
          sprint_mu_orc_legion, sprint_mu_elf_gauntlet, sprint_mu_hive_nellie,
          sprint_mu_lair_fedhas, sprint_mu_vaults_butterflies,
          sprint_mu_slime_circle, sprint_mu_swamp_cave, sprint_mu_shoals_kraken,
          sprint_mu_blade_basic, sprint_mu_crypt_lich, sprint_mu_tomb_spiral,
          sprint_mu_vestibule_basic, sprint_mu_gehenna_hellfire,
          sprint_mu_dis_giant, sprint_mu_tartarus_statrot,
          sprint_mu_cocytus_islands, sprint_mu_zot1]

Skill      XL: |  1  2  3  4  5  6  7  8  9 10 |
---------------+-------------------------------+-----
Stealth        | 9 10 12 14 16 18 19 21 23 25 | 25.2
Fighting       | 2 3 4 5 6 |  6.2
Short Blades   | 3 4 5 6 7 8 9 |  9.8
Throwing       | 3 4 5 6 8 9 10 | 10.2
Dodging        | 2 3 4 5 6 7 8 |  8.3
Invocations    | 1 4 5 7 9 10 | 10.5
Evocations     | 1 2 |  2.7
Armour         | 1 |  1.7

Action                   |  1- 3 |  4- 6 |  7- 9 | 10-12 || total
-------------------------+-------+-------+-------+-------++-------
Melee: Dagger            |    11 |    22 |    55 |    10 ||    98
       Punch             |       |       |     1 |       ||     1
Throw: Dart              |     6 |     5 |     9 |     5 ||    25
Invok: Shadow Step       |       |       |     1 |     1 ||     2
Evoke: Wand              |       |     2 |       |     3 ||     5
       Piece from Xom's  |       |       |       |     1 ||     1
  Use: Potion            |     1 |     4 |       |     1 ||     6
 Stab: Sleeping          |     2 |     2 |    13 |     3 ||    20
       Distracted        |       |       |     1 |       ||     1
Armor: Robe              |       |     1 |       |       ||     1
Dodge: Dodged            |     4 |     5 |    24 |    16 ||    49

Table legend: (Time is in decaauts)
 A = Elapsed time spent in this place.
 B = Non-inter-level travel time spent in this place.
 C = Inter-level travel time spent in this place.
 D = Time resting spent in this place.
 E = Time spent auto-exploring this place.
 F = Levels seen in this place.
 G = Mean time per level.
                   A        B        C        D        E       F      G
               +--------+--------+--------+--------+--------+-----+--------+
         Total |    893 |    893 |      0 |    539 |      0 |   1 |  893.0 |
       Dungeon |    893 |    893 |      0 |    539 |      0 |   1 |  893.0 |
               +--------+--------+--------+--------+--------+-----+--------+

Top non-repeatable levels by time:
       D: 893 daAuts
